Map: Nightshade LE

Players

Cham

  • Race: Zerg Zerg
  • League: Master
  • Spawn Location: 5:00

Maplez - Winner!

  • Race: Protoss Protoss
  • League: Grandmaster
  • Spawn Location: 11:00

VOD

Have the link to the VOD?

Description

Time

  • Played on: March 21, 2020, 12:59 a.m.
  • Length: 14:39
Show
View Real Time Build Order
Export as new Build Order

Cham Zerg 

Build Orders: Hatch First, Lurkers 

Get SALT Encoding   

  12  0:01  Drone  
  13  0:08  Drone  
  14  0:17  Overlord  
  14  0:36  Drone x2  
  16  0:51  Drone  
  16  0:55  Drone  
  18  0:57  Hatchery  
  18  1:01  Drone  
  18  1:09  Extractor  
  17  1:15  Spawning Pool  
  17  1:18  Drone  
  17  1:21  Drone  
  18  1:30  Drone  
  19  1:42  Drone  
  20  1:53  Drone  
  21  2:00  Evolution Chamber  
  20  2:03  Queen  
  20  2:06  Overlord  
  22  2:09  Queen  
  22  2:10  Zergling x2  
  22  2:14  Zergling x2  
  26  2:20  Overlord  
  26  2:23  Drone  
  27  2:31  Zerg Ground Armor Level 1  
  27  2:33  Drone  
  27  2:36  Drone  
  29  2:44  Queen  
  31  2:52  Overlord  
  31  2:58  Drone x2  
  33  3:08  Drone x3  
  33  3:10  Metabolic Boost  
  36  3:15  Drone  
  36  3:18  Overlord  
  37  3:21  Drone  
  37  3:25  Spore Crawler  
  35  3:30  Zergling x4  
  35  3:32  Zergling x2  
  38  3:34  Drone  
  38  3:37  Drone  
  38  3:39  Drone  
  38  3:40  Drone  
  42  3:50  Drone x4  
  42  3:51  Drone  
  47  3:56  Overlord  
  46  4:03  Zergling x4  
  46  4:07  Overlord  
  46  4:08  Zergling x2  
  49  4:15  Zergling x2  
  48  4:19  Zergling x4  
  48  4:20  Zergling x2  
  48  4:21  Zergling x2  
  52  4:31  Drone x3  
  50  4:33  Hatchery, Drone  
  50  4:38  Queen  
  53  4:42  Drone  
  53  4:44  Overlord  
  54  4:48  Zerg Missile Weapons Level 1  
  54  4:53  Lair  
  54  4:57  Drone  
  54  4:58  Extractor  
  54  4:59  Drone  
  56  5:00  Drone  
  56  5:01  Drone  
  57  5:09  Overlord  
  57  5:12  Drone x3  
  60  5:17  Extractor  
  60  5:18  Extractor  
  60  5:20  Overlord  
  58  5:23  Drone x3  
  58  5:26  Drone x3  
  64  5:34  Overlord  
  64  5:38  Drone x2  
  65  5:52  Drone  
  65  5:53  Hydralisk Den  
  63  6:02  Zergling x4  
  63  6:03  Zergling x10  
  67  6:08  Queen  
  67  6:10  Overlord  
  68  6:13  Drone x3  
  68  6:15  Overlord  
  71  6:19  Overlord  
  71  6:23  Grooved Spines  
  71  6:24  Drone  
  72  6:26  Hydralisk x2  
  72  6:27  Lurker Den  
  72  6:29  Hydralisk  
  77  6:33  Hydralisk  
  77  6:34  Hydralisk  
  81  6:42  Zerg Ground Armor Level 2  
  81  6:44  Hydralisk  
  83  6:52  Hydralisk x2  
  82  7:08  Drone x5  
  77  7:13  Hydralisk x2  
  74  7:18  Hydralisk x3  
  74  7:19  Zergling x4  
  74  7:20  Zergling x4  
  80  7:27  Hydralisk x2  
  78  7:31  Hydralisk  
  78  7:34  Zergling x4  
  75  7:37  Hydralisk  
  75  7:43  Hydralisk  
  77  7:47  Hydralisk  
  69  7:54  Hydralisk  
  69  7:58  Queen  
  71  7:59  Queen  
  71  8:02  Hydralisk  
  77  8:07  Muscular Augments  
  77  8:08  Drone x2  
  77  8:12  Hydralisk  
  81  8:13  Drone  
  81  8:16  Drone  
  81  8:17  Drone  
  85  8:20  Drone x2  
  85  8:25  Hydralisk  
  88  8:28  Hydralisk  
  88  8:32  Lurker, Drone  
  88  8:33  Drone x2  
  94  8:35  Drone  
  94  8:40  Lurker  
  96  8:41  Drone x2  
  96  8:45  Overlord  
  96  8:47  Extractor  
  96  8:51  Extractor  
  96  8:52  Hydralisk x2  
  98  8:59  Evolution Chamber  
  98  9:01  Evolution Chamber x2  
  95  9:03  Evolution Chamber  
  95  9:04  Lurker, Hydralisk  
  95  9:08  Hydralisk  
  99  9:10  Overlord  
  99  9:19  Overlord x2  
  99  9:26  Overlord x2  
  99  9:32  Hydralisk x2  
  99  9:33  Hydralisk  
  99  9:35  Lurker  
  99  9:36  Hydralisk  
  108  9:44  Hydralisk x3  
  114  9:48  Hydralisk  
  114  9:49  Zergling x4  
  109  10:02  Overlord  
  109  10:04  Zergling x4  
  111  10:07  Zergling x4  
  111  10:08  Hydralisk Den, Zergling x6  
  111  10:11  Zergling x4  
  111  10:12  Zergling x2  
  115  10:17  Zergling x4  
  117  10:23  Zergling x4  
  117  10:24  Zergling x2  
  118  10:30  Zergling x2  
  118  10:33  Zergling x4  
  120  10:38  Zerg Missile Weapons Level 2  
  120  10:39  Hydralisk x2  
  120  10:40  Zergling x2  
  125  10:44  Lurker  
  125  10:45  Lurker  
  125  10:47  Hydralisk  
  129  10:50  Hydralisk  
  129  10:54  Hydralisk  
  129  10:57  Hydralisk  
  133  11:00  Hydralisk  
  134  11:09  Hydralisk x2  
  134  11:10  Hydralisk  
  121  11:12  Zergling x2  
  121  11:16  Hydralisk  
  107  11:20  Hydralisk  
  88  11:26  Hydralisk x2  
  88  11:27  Hydralisk  
  88  11:32  Hydralisk  
  89  11:35  Hydralisk  
  89  11:38  Hydralisk  
  86  11:43  Hydralisk  
  86  11:49  Hydralisk x2  
  86  11:53  Hydralisk  
  80  12:00  Hydralisk  
  82  12:03  Zergling x4  
  82  12:10  Hydralisk Den  
  82  12:12  Zergling x6  
  84  12:16  Zergling x4  
  84  12:18  Lurker x2  
  86  12:23  Zergling x4  
  82  12:32  Zergling x4  
  68  12:39  Zergling x4  
  68  12:40  Zergling x2  
  66  12:45  Hydralisk  
  66  12:46  Hydralisk  
  68  12:55  Hydralisk x2  
  68  12:56  Hydralisk  
  74  13:02  Hydralisk  
  74  13:08  Hydralisk x2  
  74  13:11  Hydralisk  
  79  13:17  Hydralisk  
  79  13:19  Hydralisk  
  81  13:24  Hydralisk  
  85  13:27  Hydralisk  
  85  13:34  Hydralisk  
  85  13:35  Zergling x2  
  77  13:44  Hydralisk  
  77  13:45  Zergling x4  
  79  13:51  Hydralisk  
  79  13:53  Zergling x2, Queen  
  84  13:57  Queen  
  84  14:01  Hydralisk  
  88  14:05  Hydralisk  
  90  14:10  Hydralisk  
Show
View Real Time Build Order
Export as new Build Order

Maplez Protoss - Winner!

Build Orders: 1 Gate Expand, Oracle Opening, Phoenix Opening, Archon Immortal, Archon Drop 

Get SALT Encoding   

  12  0:00  Probe  
  13  0:13  Probe  
  14  0:17  Pylon  
  14  0:25  Probe (Chrono Boost)  
  15  0:37  Probe (Chrono Boost)  
  15  0:39  Gateway  
  16  0:44  Probe (Chrono Boost)  
  16  0:49  Assimilator  
  17  0:51  Probe  
  18  1:03  Probe  
  19  1:15  Probe  
  20  1:26  Nexus  
  20  1:36  Cybernetics Core  
  20  1:39  Probe  
  21  1:44  Assimilator  
  21  1:51  Pylon  
  21  1:53  Probe  
  22  2:06  Probe  
  23  2:10  Adept (Chrono Boost)  
  25  2:16  Stargate  
  25  2:18  Probe  
  26  2:27  Warp Gate  
  26  2:30  Adept (Chrono Boost)  
  26  2:33  Probe (Chrono Boost)  
  29  2:38  Probe (Chrono Boost)  
  31  2:47  Probe x2 (Chrono Boost)  
  32  2:52  Probe (Chrono Boost)  
  32  2:55  Probe, Adept  
  36  3:03  Oracle (Chrono Boost)  
  36  3:07  Probe  
  36  3:08  Probe  
  41  3:14  Pylon  
  41  3:19  Probe  
  42  3:20  Gateway  
  42  3:24  Probe  
  43  3:31  Probe  
  43  3:32  Pylon  
  44  3:36  Probe  
  44  3:40  Assimilator  
  45  3:41  Phoenix (Chrono Boost)  
  45  3:43  Assimilator, Probe  
  48  3:49  Robotics Facility  
  48  3:52  Probe  
  48  3:55  Probe  
  50  4:04  Probe  
  50  4:07  Probe  
  52  4:10  Twilight Council  
  52  4:16  Probe  
  53  4:20  Gateway  
  53  4:21  Gateway  
  53  4:27  Probe  
  50  4:35  Gateway x2  
  50  4:37  Warp Prism (Chrono Boost)  
  51  4:44  Adept  
  51  4:45  Adept  
  56  4:48  Charge (Chrono Boost)  
  56  4:52  Templar Archives  
  56  4:56  Probe  
  57  5:01  Pylon  
  57  5:08  Probe  
  58  5:31  High Templar x4  
  58  5:38  Nexus  
  57  5:43  Probe x2  
  59  5:53  High Templar x2, Zealot x2  
  59  5:54  High Templar  
  70  5:57  Archon  
  70  6:02  High Templar  
  69  6:06  Archon  
  69  6:09  Probe x2  
  69  6:12  Forge  
  69  6:14  Pylon  
  69  6:17  Pylon  
  69  6:21  Observer  
  70  6:31  Pylon  
  70  6:32  Probe x2, Pylon  
  72  6:34  High Templar x3  
  72  6:35  High Templar, Zealot x2  
  82  6:41  Archon x2  
  82  6:43  Pylon  
  82  6:46  Probe x2 (Chrono Boost)  
  84  6:48  Immortal (Chrono Boost)  
  84  6:51  Pylon  
  84  6:53  Pylon  
  88  6:55  Probe (Chrono Boost)  
  87  7:02  Probe x2 (Chrono Boost)  
  87  7:03  Probe (Chrono Boost)  
  86  7:08  Probe x2  
  86  7:11  Zealot x6  
  96  7:16  Probe  
  96  7:19  Immortal (Chrono Boost)  
  96  7:20  Probe  
  102  7:24  Assimilator  
  102  7:26  Assimilator, Pylon  
  96  7:31  Robotics Facility  
  96  7:32  Zealot x4  
  96  7:35  Zealot  
  98  7:45  Probe  
  98  7:50  Immortal (Chrono Boost)  
  93  7:54  Probe  
  93  7:55  Observer  
  93  7:57  Probe x2  
  92  8:02  Zealot x5  
  92  8:05  Protoss Ground Weapons Level 1 (Chrono Boost)  
  102  8:06  Probe  
  102  8:07  Pylon  
  102  8:08  Pylon  
  102  8:09  Probe, Oracle (Chrono Boost)  
  107  8:23  Zealot x2  
  107  8:25  Immortal (Chrono Boost)  
  117  8:34  Immortal (Chrono Boost), Observer  
  117  8:35  Shield Battery  
  117  8:37  Shield Battery  
  117  8:48  Pylon  
  117  8:58  Nexus  
  117  8:59  Pylon  
  117  9:11  High Templar x5  
  117  9:12  High Templar  
  129  9:17  Archon x3  
  129  9:19  Photon Cannon  
  129  9:20  Gateway x3  
  129  9:23  Gateway, Shield Battery  
  129  9:27  Psionic Storm  
  129  9:40  Immortal  
  129  9:53  Protoss Ground Weapons Level 2 (Chrono Boost)  
  129  9:59  Zealot x6  
  131  10:12  Fleet Beacon  
  125  10:14  High Templar x2  
  125  10:16  Immortal  
  125  10:17  Probe x3  
  130  10:25  Zealot x4  
  123  10:28  High Templar  
  123  10:29  High Templar  
  127  10:37  High Templar x2  
  127  10:38  Probe (Chrono Boost)  
  135  10:43  Assimilator, Probe (Chrono Boost)  
  135  10:44  Assimilator, Probe x2 (Chrono Boost)  
  135  10:48  Probe (Chrono Boost), Oracle (Chrono Boost)  
  136  10:53  Zealot x3  
  145  11:03  Zealot x2  
  145  11:05  Archon  
  131  11:13  Zealot  
  131  11:14  Zealot x6  
  127  11:26  Zealot x3  
  127  11:29  Immortal  
  137  11:37  Zealot x2  
  137  11:38  Zealot x4  
  137  11:52  Immortal  
  121  11:54  Zealot  
  121  11:55  Zealot x2  
  119  12:08  Immortal  
  113  12:13  Zealot x4  
  113  12:14  Zealot x3  
  113  12:15  Zealot x2  
  124  12:16  Zealot  
  125  12:31  Immortal  
  125  12:35  Zealot  
  125  12:36  Zealot x6  
  127  12:44  Zealot x3  
  111  12:53  Immortal  
  111  12:57  High Templar x4  
  119  13:10  Immortal  
  117  13:14  Zealot x2  
  121  13:22  Oracle (Chrono Boost)  
  124  13:32  Immortal  
  124  13:33  High Templar x4  
  136  13:34  High Templar x2, Zealot  
  136  13:35  Zealot x2  
  136  13:38  Archon x2  
  136  13:40  Archon  
  146  13:46  Zealot  
  142  13:49  Immortal  
  142  13:50  Oracle (Chrono Boost)  
  142  13:52  Pylon  
  149  13:58  Observer  
  149  14:07  Zealot x3  
  155  14:14  Pylon, Nexus  
  159  14:27  Archon x2  
  159  14:29  Zealot x7  
  159  14:30  Zealot x2  
Tags
 
Add a new tag
Caveats
  • Supply blocks, unpowered buildings, or Contaminate may cause inaccurate times.
  • Supply counts are checked every 10 seconds.